 Dungeon Crawl Stone Soup version 0.18-a0-1805-g8ab820f (webtiles) character file.

18 varam the Grasshopper (level 2, 14/14 HPs)
             Began as a Spriggan Warper on Apr 26, 2016.
             Quit the game on level 1 of the Dungeon.
             The game lasted 00:03:11 (861 turns).

varam the Grasshopper (Spriggan Warper)              Turns: 861, Time: 00:03:12

Health: 14/14      AC:  2    Str:  7    XL:     2   Next: 48%
Magic:  6/6        EV: 18    Int: 14    God:
Gold:   20         SH:  0    Dex: 15    Spells: 1 memorised, 5 levels left

rFire  . . .     SeeInvis +     h - +2 dagger (venom)
rCold  . . .     Gourm    .     b - +0 robe
rNeg   . . .     Faith    .     (shield restricted)
rPois  .         Spirit   .     (helmet restricted)
rElec  .         Dismiss  .     (no cloak)
rCorr  .         Reflect  .     (gloves unavailable)
SustAt .         Harm     .     (boots unavailable)
MR     .....                    (no amulet)
Stlth  ++........               (no ring)
                                (no ring)

@: very quick, not resistant to hostile enchantments, unstealthy
A: unfitting armour, see invisible, herbivore 3, speed 3, slow metabolism 2
a: no special abilities


You were on level 1 of the Dungeon.
You were not hungry.

You visited 1 branch of the dungeon, and saw 2 of its levels.

You collected 20 gold pieces.

Inventory:

Hand Weapons
 a - a +0 short sword
 h - a +2 dagger of venom (weapon)
Missiles
 e - 5 tomahawks of dispersal (quivered)
Armour
 b - a +0 robe (worn)
Jewellery
 m - an uncursed amulet of the gourmand {unknown}
Scrolls
 d - a scroll of blinking
 g - 2 scrolls of enchant weapon {unknown}
 i - a scroll of amnesia {unknown}
 j - a scroll of recharging {unknown}
 k - a scroll of enchant armour {unknown}
 n - 4 scrolls of identify {unknown}
Potions
 o - a potion of berserk rage {unknown}
 p - a potion of invisibility {unknown}
Books
 c - a book of Spatial Translocations

   Spells                             Type                      Level
   a - Apportation                    Translocation                1
   b - Blink                          Translocation                2
   c - Shroud of Golubria             Charms/Translocation         2
   d - Portal Projectile              Translocation                3
   e - Teleport Other                 Translocation                3
   f - Passage of Golubria            Translocation                4
Comestibles
 f - 2 bread rations
 l - 3 fruits


   Skills:
 - Level 1.5 Fighting
 + Level 3.0 Short Blades
 - Level 1.0 Throwing
 - Level 3.5 Dodging
 + Level 2.1 Stealth
 - Level 2.6 Spellcasting
 - Level 4.4 Translocations


You had 5 spell levels left.
You knew the following spells:

 Your Spells              Type           Power        Failure   Level  Hunger
a - Apportation           Tloc           ##........   3%          1    #......


Dungeon Overview and Level Annotations

Branches:
Dungeon (2/15)

Altars:


Innate Abilities, Weirdness & Mutations

You are tiny and cannot use many weapons and most armour.
You have supernaturally acute eyesight.
You are a herbivore.
You cover ground extremely quickly.
You need consume almost no food.


Message History

The kobold is moderately wounded.
You hit the kobold.
You kill the kobold!
Your Short Blades skill increases to level 3!
No target in view!
p - a bubbling cyan potion A gnoll comes into view.
It is wielding a club.
A gnoll is nearby!
A gnoll comes into view. It is wielding a whip.
A gnoll comes into view. It is wielding a whip.
The gnoll shouts!
You see here 2 stones.
There is a stone staircase leading up here.
You climb upwards.
There is a stone staircase leading down here.
You start resting.
HP restored.
You start waiting.
Done waiting.
Are you sure you want to abandon this character and quit the game? (Confirm with "yes".)

#.##.........#.##.#
##.##..........#...#
##...##........#.####
####.....#.......#.#######
#.........................
#.##.....#.#.##.#..#######
#.###...#....##.#........#
#.# ##.............#####.#
#.# ####@..######## #.#
#.# ##.## #.# #.# #.# #.#
#.# #.# #.# #.# #.# #.#
#.# #.# #.# #.# #.# #.#
#.# #.### #.# #.######
#...# #.#


There were no monsters in sight!

Vanquished Creatures
  An adder (D:2)
  2 goblins (D:1)
  A hobgoblin (D:1)
  A bat (D:1)
  A giant newt (D:1)
  2 kobolds
  2 rats (D:1)
10 creatures vanquished.

Notes
Turn   | Place    | Note
--------------------------------------------------------------
     0 | D:1      | varam the Spriggan Warper began the quest for the Orb.
     0 | D:1      | Reached XP level 1. HP: 10/10 MP: 5/5
   354 | D:1      | Reached skill level 1 in Stealth
   650 | D:2      | Reached XP level 2. HP: 12/14 MP: 6/6
   861 | D:1      | Quit the game

Vault maps used:
D:1:      minmay_arrival_stone_box, minmay_misc_feat_x
D:2:      nicolae_tso_swordbearing_angel, grunt_decor_fettered,
          kennysheep_jessica_study, uniq_terence

Skill      XL: |  1  2 |
---------------+-------+-----
Stealth        | 2 |  2.1
Short Blades   | 3 |  3.0
Fighting       | |  1.5
Throwing       | |  1.0
Dodging        | |  3.5
Spellcasting   | |  2.6
Translocations | |  4.4

Action                   || total
-------------------------++-------
Melee: Dagger            ||    23
 Stab: Sleeping          ||     1
Armor: Robe              ||     2
Dodge: Dodged            ||    21
